 Dungeon Sprint DCSS version bcrawl-1.21 (webtiles) character file.

Game seed: 6309503847747981521

32690 Freyura the Severer (level 13, -1/136 HPs)
             Began as a Demonspawn Abyssal Knight on Feb 15, 2020.
             Was the Champion of Lugonu.
             Hit by a large rock thrown by a stone giant (5 damage)
             ... in the Dungeon (Sprint IX: "|||||||||||||||||||||||||||||").
             The game lasted 00:34:39 (4318 turns).

Freyura the Severer (Demonspawn Abyssal Knight)     Turns: 4318, Time: 00:34:39

Health: -1/136     AC: 32    Str: 21    XL:     13   Next: 32%
Magic:  0/25       EV:  9    Int: 18    God:    Lugonu [******]
Gold:   41         SH: 19    Dex: 26    Spells: 12/12 levels left

rFire    + . .     SeeInvis .   E - +5 broad axe
rCold    . . .     Gourm    .   F - +1 large shield
rNeg     . . .     Faith    .   i - +0 crystal plate armour of Lugonu's Anger {Str+3 Int+3 Dex+4}
rPois    .         Spirit   +   C - +2 hat {MR+}
rElec    .         Reflect  .   G - +0 cloak "Geawn" {MR+ Dex+3 Stlth-}
rCorr    .         Harm     .   f - +0 pair of gloves of the Teacher {Str+5}
MR       ++...     NoTele   +   p - +2 pair of boots
Stlth    ..........             x - amulet of Vitality {Regen+ HP+25}
HPRegen  0.72/turn              r - +3 ring of dexterity
MPRegen  0.38/turn              D - ring of protection from fire

@: flayed
A: antennae 2, iridescent scales 1, nightstalker 1, magic shield, magic
regeneration, magic link
a: Bend Space, Banish, Corrupt, Renounce Religion


You were in the Dungeon.
You worshipped Lugonu.
Lugonu was exalted by your worship.
You were very hungry.

You visited 1 branch You collected 1524 gold pieces.
You spent 1483 gold pieces at shops.

Inventory:

Hand Weapons
 o - a +3 war axe of electrocution
 E - a +5 broad axe (weapon)
Missiles
 a - 2125 poisoned tomahawks
 c - 10 tomahawks of dispersal (quivered)
 d - 43 stones
Armour
 b - a scarf of repulsion
 f - the +0 pair of gloves of the Teacher (worn) {Str+5}
   (Lugonu gifted it to you in the Dungeon)

   It affects your strength (+5).
 i - the +0 crystal plate armour of Lugonu's Anger (worn) {Str+3 Int+3 Dex+4}
   (Lugonu gifted it to you in the Dungeon)

   It affects your strength (+3).
   It affects your intelligence (+3).
   It affects your dexterity (+4).
 p - a +2 pair of boots (worn)
 C - a +2 hat of magic resistance (worn)
 F - a +1 large shield (worn)
 G - the +0 cloak "Geawn" (worn) {MR+ Dex+3 Stlth-}
   (You found it in the Dungeon)

   It affects your dexterity (+3).
   It affects your resistance to hostile enchantments.
   It makes you less stealthy.
 H - +0 shadow dragon scales
Jewellery
 r - a +3 ring of dexterity (left hand)
 x - the amulet of Vitality (around neck) {Regen+ HP+25}
   (You bought it in a shop in the Dungeon)

   [amulet of regeneration]

   It affects your health (+25).
   It increases your rate of regeneration.
 B - an uncursed ring of protection from cold
 D - a ring of protection from fire (right hand)
Wands
 n - a wand of iceblast (4)
 y - a wand of random effects (7)
 z - a wand of disintegration (15)
Scrolls
 k - 2 scrolls of blinking
 l - 3 scrolls of remove curse
 m - 2 scrolls of amnesia
 v - 5 scrolls of fear
 J - a scroll of fog
Potions
 g - a potion of berserk rage
 h - a potion of haste
 t - 2 potions of brilliance
 u - 2 potions of mutation
Comestibles
 e - 9 rations {!d}


   Skills:
 + Level 13.6 Fighting
 * Level 17.0 Axes
 - Level 0.8 Throwing
 + Level 12.6 Armour
 + Level 12.4 Dodging
 + Level 10.1 Shields
 + Level 16.9 Invocations
 + Level 11.1 Evocations


You had 12 spell levels left.
You didn't know any spells.
Your spell library was empty.

Dungeon Overview and Level Annotations

Branches:
Dungeon (1/1)

Altars:
Cheibriados
Dithmenos
Elyvilon
Fedhas
Gozag
Hepliaklqana
Kikubaaqudgha
Lugonu
Makhleb
Nemelex Xobeh
Okawaru
Qazlal
Ru
Sif Muna
Trog
Uskayaw
Vehumet
Wu Jian
Xom
Yredelemnul
Zin
The Shining One
Beogh
Jiyva

Shops:
D =?(*

Annotations:
D Aizul, Urug


Innate Abilities, Weirdness & Mutations

You have a pair of antennae on your head.
You are partially covered in iridescent scales. (AC +2)
You are slightly more attuned to the shadows.
When hurt, damage is shared between your health and your magic reserves.
You regenerate magic rapidly.
When low on magic, you restore magic in place of health.


Message History

There is an open door to the Dungeon, spattered with blood here.
The stone giant throws a large rock.
You block the large rock.
The stone giant throws a large rock.
The large rock barely misses you.
The large rock hits the stone giant!!!
The stone giant dies!
Your Axes skill increases to level 17!
The stone giant throws a large rock.
The large rock hits you!
* * * LOW HITPOINT WARNING * * *
Things that are here:
34 large rocks; a stone giant corpse The stone giant throws a large rock.
The large rock hits you!
* * * LOW HITPOINT WARNING * * *
The stone giant throws a large rock.
The large rock hits you!!
* * * LOW HITPOINT WARNING * * *
Things that are here:
34 large rocks; a stone giant corpse The stone giant throws a large rock.
You block the large rock.
The stone giant throws a large rock.
You block the large rock.
The stone giant throws a large rock.
The large rock hits you!
You die...

.▓.▓.▓.▓[▓.▓)▓.▓
.▓.▓.▓.▓.▓.▓)▓.▓.▓
.▓.▓.▓.▓.▓.▓)▓.▓.▓
÷▓.▓.▓.▓)▓.▓{▓.▓W▓
'▓.▓.▓.▓.▓.▓.▓.▓*▓
.▓.▓)▓.▓)▓.▓.▓.▓Q▓
.▓.▓)▓.▓)▓.▓.▓.▓C▓
.▓.▓[▓.▓)▓.▓)▓.▓)▓{
.▓.▓)▓.▓)▓.▓{▓.▓@▓
.▓.▓)▓.▓)▓.▓.▓.▓.▓
.▓.▓)▓.▓)▓.▓'▓.▓.▓
.▓.▓)▓.▓.▓.▓)▓.▓(▓
(▓.▓)▓.▓.▓.▓.▓.▓.▓
.▓.▓.▓.▓"▓.▓.▓.▓.▓
.▓.▓.▓.▓.▓.▓.▓.▓.▓
.▓.▓.▓.▓=▓.▓.▓.▓.▓
.▓.▓.▓.▓'▓.▓.▓.▓.▓


You could see a stone giant, a tengu reaver, a flayed ghost and a battlesphere.

Vanquished Creatures
  Gastronok (D)
  A lich (D)
  A nagaraja (D)
  A ghost moth (D)
  A stone giant (D)
  A spark wasp (D)
  A ghost crab (D)
  A hydra (D)
  2 centaur warriors (D)
  A merfolk aquamancer (D)
  6 two-headed ogres (D)
  3 ogre magi (D)
  A skeletal warrior (D)
  An orc knight (D)
  A cyclops (D)
  3 ugly things (D)
  2 manticores (D)
  2 merfolk sirens (D)
  A guardian serpent (D)
  Joseph (D)
  3 black mambas (D)
  7 cane toads (D)
  2 yaktaurs (D)
  A tyrant leech (D)
  A merfolk (D)
  A slime creature (D)
  2 blink frogs (D)
  A bog body (D)
  A dream sheep (D)
  2 hippogriffs (D)
  A tarantella (D)
  3 redbacks (D)
  A wyvern (D)
  A basilisk (D)
  A hungry ghost (D)
  3 vampire mosquitoes (D)
  2 crocodiles (D)
  A naga (D)
  10 orc warriors (D)
  3 porcupines (D)
  A sky beast (D)
  6 ogres (D)
  A wolf (D)
  A big kobold (D)
  5 bullfrogs (D)
  A hound (D)
  2 orc priests (D)
  A gnoll shaman (D)
  4 orc wizards (D)
  An adder (D)
  10 orcs (D)
  A bat zombie (D)
  2 hobgoblins (D)
  A ball python skeleton (D)
  A frilled lizard (D)
  A kobold (D)
  A leopard gecko skeleton (D)
  A quokka zombie (D)
  A rat (D)
121 creatures vanquished.

Vanquished Creatures (others)
  A stone giant (D)
  An ice dragon (D)
  2 hydras (D)
  A swamp drake (D)
5 creatures vanquished.

Grand Total: 126 creatures vanquished

Notes
Turn   | Place    | Note
-------+----------+-------------------------------------------
     0 | D        | Freyura the Demonspawn Abyssal Knight began the quest for
                  | the Orb.
     0 | D        | Reached XP level 1. HP: 18/18 MP: 2/2
     4 | D        | Reached skill level 2 in Axes
     4 | D        | Reached skill level 1 in Dodging
     8 | D        | Reached ** piety under Lugonu
    38 | D        | Noticed a gnoll shaman
    38 | D        | Noticed a sky beast
    46 | D        | Killed a sky beast
    46 | D        | Reached *** piety under Lugonu
    46 | D        | Reached skill level 4 in Axes
    46 | D        | Reached skill level 5 in Invocations
    46 | D        | Gained mutation: When hurt, damage is shared between your
                  | health and your magic reserves. [demonic ancestry]
    46 | D        | Reached XP level 2. HP: 20/26 MP: 3/5
    46 | D        | Reached XP level 3. HP: 24/31 MP: 3/6
    46 | D        | Gained mutation: You have a pair of small antennae on your
                  | head. [demonic ancestry]
    46 | D        | Reached XP level 4. HP: 29/38 MP: 3/7
    56 | D        | Reached skill level 5 in Axes
    61 | D        | Found a roughly hewn altar of Beogh.
    61 | D        | Found a snail-covered altar of Cheibriados.
    61 | D        | Found a shadowy altar of Dithmenos.
    61 | D        | Found a white marble altar of Elyvilon.
    61 | D        | Found a blossoming altar of Fedhas.
    61 | D        | Found an opulent altar of Gozag.
    62 | D        | Found a hazy altar of Hepliaklqana.
    63 | D        | Found a viscous altar of Jiyva.
    64 | D        | Found an ancient bone altar of Kikubaaqudgha.
    65 | D        | Found a corrupted altar of Lugonu.
    66 | D        | Found a burning altar of Makhleb.
    67 | D        | Found a sparkling altar of Nemelex Xobeh.
    68 | D        | Found an iron altar of Okawaru.
    69 | D        | Found a stormy altar of Qazlal.
    70 | D        | Found a sacrificial altar of Ru.
    71 | D        | Found a shimmering blue altar of Sif Muna.
    72 | D        | Found a bloodstained altar of Trog.
    73 | D        | Found a hide-covered altar of Uskayaw.
    74 | D        | Found a radiant altar of Vehumet.
    75 | D        | Found an ornate altar of the Wu Jian Council.
    76 | D        | Reached **** piety under Lugonu
    81 | D        | Found a shimmering altar of Xom.
    82 | D        | Found a basalt altar of Yredelemnul.
    83 | D        | Found a glowing silver altar of Zin.
    84 | D        | Found a glowing golden altar of the Shining One.
   244 | D        | Noticed a hungry ghost
   244 | D        | Noticed a basilisk
   244 | D        | Noticed a hippogriff
   251 | D        | Reached skill level 5 in Fighting
   251 | D        | Reached XP level 5. HP: 31/44 MP: 5/9
   253 | D        | Killed a hippogriff
   253 | D        | Received a gift from Lugonu
   253 | D        | Reached skill level 7 in Axes
   253 | D        | Reached skill level 5 in Armour
   253 | D        | Gained mutation: You have a pair of antennae on your head.
                  | [demonic ancestry]
   253 | D        | Reached XP level 6. HP: 34/52 MP: 4/11
   275 | D        | Killed a basilisk
   275 | D        | Reached skill level 8 in Axes
   275 | D        | Reached skill level 5 in Dodging
   292 | D        | Killed a hungry ghost
   292 | D        | Received a gift from Lugonu
   292 | D        | Gained mutation: You regenerate magic rapidly. [demonic
                  | ancestry]
   292 | D        | Reached XP level 7. HP: 33/59 MP: 3/13
   298 | D        | Received a gift from Lugonu
   436 | D        | Noticed a two-headed ogre
   436 | D        | Noticed a green ugly thing
   436 | D        | Noticed a slime creature
   442 | D        | Killed a slime creature
   442 | D        | Reached skill level 9 in Axes
   452 | D        | Killed a green ugly thing
   452 | D        | Reached ***** piety under Lugonu
   452 | D        | Received a gift from Lugonu
   452 | D        | Reached skill level 10 in Invocations
   452 | D        | Gained mutation: You are slightly more attuned to the
                  | shadows. [demonic ancestry]
   452 | D        | Reached XP level 8. HP: 32/68 MP: 10/15
   457 | D        | HP: 1/68 [two-headed ogre/+0 giant spiked club (17)]
   462 | D        | Killed a two-headed ogre
   462 | D        | Reached skill level 10 in Axes
   489 | D        | Got a slimy buckler {god gift}
   491 | D        | Identified the +3 buckler of Valiance {rF- rN+ rCorr}
                  | (Lugonu gifted it to you in the Dungeon)
   848 | D        | Noticed a cane toad
   848 | D        | Noticed a hippogriff
   853 | D        | Reached skill level 11 in Axes
   853 | D        | Reached XP level 9. HP: 73/75 MP: 15/17
   856 | D        | Reached skill level 1 in Shields
   856 | D        | Reached skill level 1 in Evocations
   864 | D        | Killed a cane toad
  1006 | D        | Noticed a seven-headed hydra
  1006 | D        | Noticed a black mamba
  1006 | D        | Noticed a black mamba
  1010 | D        | Received a gift from Lugonu
  1014 | D        | Banished a seven-headed hydra
  1022 | D        | Killed a black mamba
  1022 | D        | Reached skill level 12 in Axes
  1025 | D        | Noticed a cane toad
  1034 | D        | Killed a black mamba
  1034 | D        | Gained mutation: When low on magic, you restore magic in
                  | place of health. [demonic ancestry]
  1034 | D        | Reached XP level 10. HP: 31/84 MP: 8/19
  1069 | D        | Killed a cane toad
  1069 | D        | Reached skill level 10 in Fighting
  1077 | D        | Got a pair of fine gloves {god gift}
  1083 | D        | Identified the +0 pair of gloves of the Teacher {Str+5}
                  | (Lugonu gifted it to you in the Dungeon)
  1339 | D        | Noticed a cane toad
  1339 | D        | Noticed a cane toad
  1339 | D        | Noticed a cane toad
  1344 | D        | Killed a cane toad
  1344 | D        | Reached skill level 5 in Evocations
  1348 | D        | Noticed a cane toad
  1349 | D        | Killed a cane toad
  1361 | D        | Killed a cane toad
  1361 | D        | Received a gift from Lugonu
  1367 | D        | Reached skill level 5 in Shields
  1374 | D        | Killed a cane toad
  1374 | D        | Reached skill level 13 in Axes
  1379 | D        | Received a gift from Lugonu
  1619 | D        | Noticed Gastronok
  1636 | D        | Killed Gastronok
  1636 | D        | Reached skill level 10 in Armour
  1636 | D        | Reached skill level 10 in Dodging
  1636 | D        | Reached XP level 11. HP: 18/93 MP: 6/21
  1964 | D        | Reached ****** piety under Lugonu
  2007 | D        | Received a gift from Lugonu
  2009 | D        | Reached skill level 14 in Axes
  2196 | D        | Noticed an orc knight
  2207 | D        | Killed an orc knight
  2251 | D        | Noticed an ogre mage
  2251 | D        | Noticed a two-headed ogre
  2256 | D        | Noticed an ogre mage
  2261 | D        | Noticed a two-headed ogre
  2262 | D        | Killed a two-headed ogre
  2263 | D        | Received a gift from Lugonu
  2269 | D        | Killed an ogre mage
  2270 | D        | Found Rajoqes's Assorted Antiques.
  2271 | D        | Noticed a two-headed ogre
  2275 | D        | Killed an ogre mage
  2275 | D        | Received a gift from Lugonu
  2278 | D        | Killed a two-headed ogre
  2289 | D        | Killed a two-headed ogre
  2290 | D        | Got an encrusted shield {god gift}
  2296 | D        | Found Yskaf's Weapon Shop.
  2320 | D        | Identified the +0 shield of the Furies {rF+} (Lugonu gifted
                  | it to you in the Dungeon)
  2557 | D        | Found Ceceiw's Magic Scroll Boutique.
  2561 | D        | Found Voecwue's Jewellery Shop.
  2562 | D        | Bought a small ruby amulet for 120 gold pieces
  2563 | D        | Noticed an ogre mage
  2564 | D        | Noticed a two-headed ogre
  2564 | D        | Noticed a two-headed ogre
  2577 | D        | Killed a two-headed ogre
  2577 | D        | Reached skill level 15 in Axes
  2577 | D        | Reached XP level 12. HP: 72/102 MP: 17/23
  2581 | D        | Killed a two-headed ogre
  2581 | D        | Reached skill level 15 in Invocations
  2588 | D        | Killed an ogre mage
  2620 | D        | Bought the amulet of Vitality {Regen+ HP+25} for 1363 gold
                  | pieces
  2620 | D        | Found the amulet of Vitality {Regen+ HP+25}
  2965 | D        | Noticed Joseph
  2978 | D        | Killed Joseph
  3071 | D        | Got the +0 cloak "Geawn" {MR+ Dex+3 Stlth-}
  3138 | D        | Noticed a tengu warrior
  3140 | D        | Noticed a catoblepas
  3156 | D        | Noticed a centaur warrior
  3164 | D        | Noticed a rakshasa
  3166 | D        | Received a gift from Lugonu
  3174 | D        | Noticed an ettin
  3189 | D        | Noticed a lich
  3200 | D        | Killed a lich
  3200 | D        | Received a gift from Lugonu
  3206 | D        | Killed a centaur warrior
  3213 | D        | Received a gift from Lugonu
  3214 | D        | Noticed a tengu warrior
  3235 | D        | Received a gift from Lugonu
  3345 | D        | Noticed Urug
  3360 | D        | Noticed Aizul
  3419 | D        | Noticed a nagaraja
  3424 | D        | Noticed a naga warrior
  3428 | D        | Noticed a naga warrior
  3438 | D        | Killed a nagaraja
  3441 | D        | HP: 6/128 [poisoned by a nagaraja (splash of poison)]
  3453 | D        | HP: 6/128 [poisoned by a naga warrior (splash of poison)]
  3456 | D        | HP: 2/128 [poisoned by a naga warrior (splash of poison)]
  3671 | D        | Reached skill level 16 in Axes
  3671 | D        | Reached skill level 10 in Evocations
  3671 | D        | Noticed a merfolk impaler
  3676 | D        | Noticed a merfolk aquamancer
  3701 | D        | Killed a merfolk aquamancer
  3824 | D        | Noticed a spark wasp
  3834 | D        | Received a gift from Lugonu
  3850 | D        | Killed a ghost moth
  3853 | D        | Killed a spark wasp
  3853 | D        | Gained mutation: You are partially covered in iridescent
                  | scales. (AC +2) [demonic ancestry]
  3853 | D        | Reached XP level 13. HP: 22/111 MP: 1/25
  3857 | D        | HP: 6/136 [poisoned by a ghost moth]
  4096 | D        | Received a gift from Lugonu
  4099 | D        | Got a translucent crystal plate armour {god gift}
  4110 | D        | Identified the +0 crystal plate armour of Lugonu's Anger
                  | {Str+3 Int+3 Dex+4} (Lugonu gifted it to you in the
                  | Dungeon)
  4259 | D        | Noticed an ettin
  4259 | D        | Noticed a stone giant
  4267 | D        | Killed a stone giant
  4272 | D        | Reached skill level 10 in Shields
  4272 | D        | Noticed a tengu reaver
  4275 | D        | Noticed a fire dragon
  4277 | D        | Noticed a spark wasp
  4282 | D        | Noticed a stone giant
  4290 | D        | Noticed a stone giant
  4311 | D        | Killed a stone giant
  4311 | D        | Reached skill level 17 in Axes
  4315 | D        | HP: 3/136 [stone giant/large rock (14)]
  4318 | D        | Hit by a large rock thrown by a stone giant

Skill      XL: |  1  2  3  4  5  6  7  8  9 10 11 12 13 |
---------------+----------------------------------------+-----
Axes           | 4 5 7 8 9 11 12 13 15 16 17 | 17.0
Dodging        | 3 4 5 6 7 8 10 12 | 12.4
Armour         | 3 4 5 6 7 8 10 11 12 | 12.6
Invocations    | 5 6 7 8 10 11 12 13 14 16 | 16.9
Fighting       | 4 5 6 7 8 9 11 12 13 | 13.6
Shields        | 3 6 7 9 10 | 10.1
Evocations     | 4 7 8 10 11 | 11.1
Throwing       | |  0.8

Action                   |  1- 3 |  4- 6 |  7- 9 | 10-12 | 13-15 || total
-------------------------+-------+-------+-------+-------+-------++-------
Melee: Hand axe          |    19 |     9 |       |       |       ||    28
       War axe           |       |    34 |   109 |   227 |       ||   370
       Broad axe         |       |       |       |   169 |    77 ||   246
Invok: Banish            |       |       |     3 |       |     1 ||     4
Evoke: Wand              |       |       |       |     3 |     3 ||     6
  Use: Potion            |     1 |     3 |     8 |     9 |     2 ||    23
       Scroll            |       |       |     2 |     5 |       ||     7
 Stab: Invisible         |       |     1 |       |       |       ||     1
       Distracted        |       |       |       |     2 |       ||     2
       Petrified         |       |       |       |     8 |       ||     8
       Sleeping          |       |       |       |     1 |       ||     1
  Eat: Ration            |       |     1 |       |     2 |       ||     3
       Chunk             |       |       |     3 |     3 |     1 ||     7
Armor: Leather armour    |     1 |     4 |       |       |       ||     5
       Scale mail        |       |    13 |    31 |    35 |       ||    79
       Shadow dragon sca |       |       |       |    75 |    45 ||   120
       Crystal plate arm |       |       |       |       |    20 ||    20
Dodge: Dodged            |     7 |    25 |    72 |   149 |    43 ||   296
Block: Buckler           |       |       |    22 |    16 |       ||    38
       Shield            |       |       |       |    50 |       ||    50
       Large shield      |       |       |       |   138 |    75 ||   213
